 Dungeon Crawl Stone Soup version 0.17-a0-2231-gd80ca38 (webtiles) character file.

127 Raultor the Gusty (level 5, -3/28 HPs)
             Began as a Tengu Air Elementalist on Oct 29, 2015.
             Slain by a scorpion (7 damage)
             ... on level 4 of the Dungeon.
             The game lasted 00:11:52 (3222 turns).

Raultor the Gusty (Tengu Air Elementalist)          Turns: 3222, Time: 00:11:52

Health: -3/28      AC:  8    Str:  8    XL:     5   Next: 11%
Magic:  9/10       EV: 12    Int: 16    God:
Gold:   140        SH:  0    Dex: 15    Spells: 2 memorised, 7 levels left

rFire  . . .     SeeInvis .     y - +0 morningstar (protect)
rCold  . . .     Clarity  .     a - +0 robe
rNeg   . . .     SustAt   .     (no shield)
rPois  .         Gourm    .     (helmet restricted)
rElec  .         Spirit   .     (no cloak)
rCorr  +         Warding  .     r - +0 pair of gloves
rMut   .         Stasis   .     (boots unavailable)
MR     .....                    o - amulet of resist corrosion
Stlth  ++........               (no ring)
                                (no ring)

@: not resistant to hostile enchantments, unstealthy
A: beak, talons 3, able to fly 1
a: Fly


You were on level 4 of the Dungeon.
You were not hungry.

You visited 1 branch of the dungeon, and saw 4 of its levels.

You collected 140 gold pieces.

Inventory:

Hand Weapons
 g - a +0 dagger
 j - a +0 club
 t - a +2 dagger of holy wrath
 y - a +0 morningstar of protection (weapon)
Armour
 a - a +0 robe (worn)
 r - a +0 pair of gloves (worn)
Jewellery
 o - an amulet of resist corrosion (around neck)
 B - an uncursed ring of magical power {unknown}
Scrolls
 h - 2 scrolls of remove curse {unknown}
 k - a scroll of teleportation {unknown}
 m - a scroll of random uselessness {unknown}
 p - 2 scrolls of fog {unknown}
 q - 3 scrolls of identify {unknown}
 v - a scroll of immolation {unknown}
 A - a scroll of noise {unknown}
Potions
 d - a potion of lignification {unknown}
 e - 2 potions of brilliance {unknown}
 f - 2 potions of curing {unknown}
 l - a potion of flight {unknown}
 n - a potion of cancellation {unknown}
 s - a potion of poison {unknown}
 w - a potion of mutation {unknown}
 x - a potion of heal wounds {unknown}
 C - 2 potions of berserk rage {unknown}
Books
 b - a book of Air

   Spells                             Type                      Level
   a - Shock                          Conjuration/Air              1
   b - Swiftness                      Charms/Air                   2
   c - Repel Missiles                 Charms/Air                   2
   d - Static Discharge               Conjuration/Air              3
   e - Lightning Bolt                 Conjuration/Air              5
Comestibles
 c - 2 bread rations
 i - 2 meat rations
 u - a slice of pizza
 z - 2 chunks of flesh


   Skills:
 - Level 2.1 Dodging
 - Level 2.0 Stealth
 + Level 3.0 Spellcasting
 + Level 3.3 Conjurations
 * Level 5.7 Air Magic


You had 7 spell levels left.
You knew the following spells:

 Your Spells              Type           Power        Failure   Level  Hunger
a - Shock                 Conj/Air       ###.         3%          1    #......
b - Swiftness             Chrm/Air       ##......     10%         2    ##.....


Dungeon Overview and Level Annotations

Branches:
Dungeon (4/15)
 Temple: D:4-7

Altars:
Ashenzari
Cheibriados
Dithmenos
Nemelex Xobeh
Xom
Zin


Innate Abilities, Weirdness & Mutations

You have a beak for a mouth.
You have claws for feet.
You can fly.


Message History

The scorpion is lightly wounded.
Casting: Shock
Confirm with . or Enter, or press ? or * to list all spells.
Aiming: Shock
Press: ? - help, Shift-Dir - straight line, f/p - scorpion
Aim: a scorpion The zap misses the scorpion.
The scorpion misses you.
You hit the scorpion.
You peck the scorpion, but do no damage.
The scorpion is moderately wounded.
The scorpion closely misses you. The scorpion stings you.
* * * LOW HITPOINT WARNING * * *
You hit the scorpion.
The scorpion is moderately wounded.
The scorpion stings you.
* * * LOW HITPOINT WARNING * * *
You barely miss the scorpion. Your kick misses the scorpion.
The scorpion is moderately wounded.
The scorpion stings you!
You die...

#.#####......#
#.....(...####
#.....#..[#
#.....#...#
#........!#
#........># #####
###........##
#...###..........#
+...'@s...##.#####
##...###.##......#
#......#.........#
#......#######...#
#......# ####
##'##### #.# #.#
#.#


You could see a scorpion.

Vanquished Creatures
  3 adders
  An ooze (D:2)
  2 worms (D:2)
  3 giant geckos (D:1)
  8 orcs (D:3)
  2 ball pythons
  5 giant cockroaches
  2 goblins
  7 hobgoblins
  8 jackals
  A quokka (D:3)
  9 bats
  7 giant newts
  9 kobolds
  A quokka skeleton (D:4)
  13 rats
81 creatures vanquished.

Notes
Turn   | Place    | Note
--------------------------------------------------------------
     0 | D:1      | Raultor the Tengu Air Elementalist began the quest for the Orb.
     0 | D:1      | Reached XP level 1. HP: 10/10 MP: 4/4
   172 | D:1      | Reached XP level 2. HP: 13/15 MP: 6/6
   601 | D:1      | Learned a level 2 spell: Swiftness
   831 | D:1      | Reached XP level 3. HP: 19/19 MP: 3/7
  1275 | D:2      | Found a shimmering altar of Xom.
  1397 | D:2      | Reached skill level 5 in Air Magic
  1653 | D:2      | Found a snail-covered altar of Cheibriados.
  1683 | D:2      | Reached XP level 4. HP: 12/24 MP: 2/9
  2284 | D:3      | Found a sparkling altar of Nemelex Xobeh.
  2311 | D:3      | Found a shattered altar of Ashenzari.
  2474 | D:3      | Found a glowing silver altar of Zin.
  2886 | D:3      | Found a shadowy altar of Dithmenos.
  2955 | D:3      | Gained mutation: You can fly. [Tengu growth]
  2955 | D:3      | Reached XP level 5. HP: 28/28 MP: 8/10
  3222 | D:4      | Slain by a scorpion

Vault maps used:
D:1:      mainiacjoe_arrival_reflecting_pool
D:2:      xom_teletrap_fun, old_standard_altar
D:3:      nemelex_xobeh_ov_fountains_minmay, nicolae_overflow_crystal_walls,
          lemuel_round_altar, marbit_many_paths, first_bread
D:4:      kennysheep_the_goblin_king

Action                   |  1- 3 |  4- 6 || total
-------------------------+-------+-------++-------
Melee: Dagger            |    19 |    30 ||    49
       Club              |    85 |       ||    85
       Morningstar       |       |    30 ||    30
 Cast: Shock             |    56 |    24 ||    80
 Stab: Sleeping          |     4 |     1 ||     5
  Eat: Chunk             |     3 |     5 ||     8
